 Dungeon Crawl Stone Soup version 0.23.2-40-g277498a001 (webtiles) character file.

Game seed: 12025760568101976412

152 Martska the Ducker (level 5, -1/39 HPs)
             Began as a Merfolk Ice Elementalist on Sept 30, 2019.
             Was an Initiate of Yredelemnul.
             Killed from afar by an orc wizard (9 damage)
             ... with a magic dart
             ... on level 1 of the Dungeon.
             The game lasted 00:24:10 (4831 turns).

Martska the Ducker (Merfolk Ice Elementalist)       Turns: 4831, Time: 00:24:11

Health: -1/39      AC:  2    Str:  9    XL:     5   Next: 34%
Magic:  8/8        EV: 14    Int: 14    God:    Yredelemnul [......]
Gold:   146        SH:  0    Dex: 15    Spells: 3/9 levels left

rFire    . . .     SeeInvis .   b - +0 short sword
rCold    . . .     Gourm    .   (no shield)
rNeg     . . .     Faith    .   a - +0 robe
rPois    .         Spirit   .   (no helmet)
rElec    .         Reflect  .   (no cloak)
rCorr    .         Harm     .   (no gloves)
MR       .....                  (no boots)
Stlth    ++........             (no amulet)
HPRegen  0.13/turn              (no ring)
MPRegen  0.11/turn              (no ring)

@: no status effects
A: change form in water, swift swim, stealthy swim
a: Renounce Religion


You were on level 1 of the Dungeon.
You worshipped Yredelemnul.
Yredelemnul was noncommittal.
You were hungry.

You visited 1 branch of the dungeon, and saw 3 of its levels.

You collected 146 gold pieces.

Inventory:

Hand Weapons
 b - a +0 short sword (weapon)
 j - a +0 hand axe
Armour
 a - a +0 robe (worn)
Scrolls
 c - a scroll of immolation {unknown}
 d - a scroll of identify {unknown}
 f - a scroll of amnesia {unknown}
Potions
 e - a potion of mutation {unknown}
 h - a potion of berserk rage {unknown}


   Skills:
 * Level 2.6 Fighting
 * Level 4.3 Dodging
 + Level 3.0 Stealth
 + Level 2.5 Spellcasting
 - Level 0.7 Conjurations
 * Level 1.0 Charms
 + Level 3.8 Ice Magic


You had 3 spell levels left.
You knew the following spells:

 Your Spells              Type           Power        Failure   Level  Hunger
a - Freeze                Ice            ##..         4%          1    #......
b - Throw Frost           Conj/Ice       #.....       14%         2    ###....
c - Ozocubu's Armour      Chrm/Ice       #.......     26%         3    ###....

Your spell library contained the following spells:

 Spells                   Type           Power        Failure   Level  Hunger
 Throw Icicle             Conj/Ice       #.......     65%         4    #####..
 Summon Ice Beast         Ice/Summ       #.......     71%         4    #####..


Dungeon Overview and Level Annotations

Branches:
Dungeon (3/15)

Altars:
Yredelemnul


Message History

You climb upwards.
Reactivating autopickup.
There is a stone staircase leading down here.
Casting: Freeze (safe; 4% risk of failure)
Confirm with . or Enter, or press ? or * to list all spells.
Okay, then.
Deactivating autopickup; reactivate with Ctrl-A.
You hit something but do no damage. Something hits you.
You hear some strange, mumbled words.
A puff of flame appears from out of thin air!
The puff of flame hits you.
* * * LOW HITPOINT WARNING * * *
An orc wizard appears from thin air!
Reactivating autopickup.
You closely miss the orc wizard.
The orc wizard is heavily wounded.
The orc wizard gestures at you while chanting.
The magic dart hits you!
You die...
Your body rises from the dead as a mindless zombie.

### ### #.# #.#
#.############.#
#..............#
#.############.#
#.#.......).@#.######
#.#.########o.......#
#.#.#......#........# ######
#.#.#.####.#........# #....#
#.#.#.#..#.#........# #....#
#.#.#.#..#.#........# #....#
#.#.#.#..#.#........####....#
#.#.#.##.#...................
#.#.#....#...#.########.....#


You could see an orc wizard.

Vanquished Creatures
  An orc wizard (D:2)
  3 adders
  2 oozes
  3 worms
  2 dart slugs (D:1)
  4 leopard geckos (D:2)
  3 orcs (D:3)
  7 bats
  2 giant cockroaches (D:2)
  2 gnoll zombies (D:2)
  9 goblins
  7 hobgoblins
  4 jackals
  A frilled lizard (D:2)
  9 kobolds
  8 rats
67 creatures vanquished.

Notes
Turn   | Place    | Note
-------+----------+-------------------------------------------
     0 | D:1      | Martska the Merfolk Ice Elementalist began the quest for
                  | the Orb.
     0 | D:1      | Reached XP level 1. HP: 13/13 MP: 3/3
   353 | D:1      | Reached XP level 2. HP: 20/20 MP: 0/5
   418 | D:1      | Reached skill level 3 in Dodging
   616 | D:1      | Reached skill level 1 in Fighting
   812 | D:1      | Reached XP level 3. HP: 26/26 MP: 6/6
  1833 | D:2      | Learned a level 2 spell: Throw Frost
  1902 | D:2      | Learned a level 3 spell: Ozocubu's Armour
  1953 | D:2      | Reached XP level 4. HP: 11/33 MP: 0/7
  2850 | D:2      | Found a basalt altar of Yredelemnul.
  2858 | D:2      | Became a worshipper of Yredelemnul the Dark
  3209 | D:2      | Reached skill level 4 in Dodging
  3711 | D:3      | Reached XP level 5. HP: 35/39 MP: 2/8
  4305 | D:2      | Reached skill level 1 in Charms
  4831 | D:1      | Killed from afar by an orc wizard

Skill      XL: |  1  2  3  4  5 |
---------------+----------------+-----
Dodging        | 3 4 |  4.3
Fighting       | 1 2 |  2.6
Stealth        | 3 |  3.0
Charms         | 1 |  1.0
Spellcasting   | |  2.5
Conjurations   | |  0.7
Ice Magic      | |  3.8

Action                   |  1- 3 |  4- 6 || total
-------------------------+-------+-------++-------
Melee: Short sword       |    49 |    98 ||   147
       Unarmed           |     2 |       ||     2
 Cast: Freeze            |    35 |    29 ||    64
       Throw Frost       |     4 |    36 ||    40
       Ozocubu's Armour  |       |     2 ||     2
  Use: Potion            |       |     2 ||     2
 Stab: Sleeping          |     5 |       ||     5
  Eat: Chunk             |     1 |     5 ||     6
       Ration            |     1 |     2 ||     3
Armor: Robe              |    14 |    49 ||    63
Dodge: Dodged            |    57 |   118 ||   175
